 Dungeon Crawl Stone Soup version 0.30-a0-365-ge7f957f1db (webtiles) character file.

Game seed: 16044948044687325457

1808 hikkokomori the Magician (level 9, -1/69 HPs)
             Began as a Gnoll Warper on Nov 17, 2022.
             Was a Believer of Zin.
             Slain by an orc warrior
             ... wielding a +0 glaive
              (10 damage)
             ... on level 7 of the Dungeon.
             The game lasted 00:15:46 (6997 turns).

hikkokomori the Magician (Gnoll Warper)             Turns: 6997, Time: 00:15:47

Health: -1/69      AC:  8    Str: 14    XL:     9   Next: 10%
Magic:  13/18      EV: 11    Int: 13    God:    Zin [**....]
Gold:   298        SH:  0    Dex: 12    Spells: 7/21 levels left

rFire   + . .      SeeInvis +    w - +0 trident
rCold   . . .      Faith    .    (no shield)
rNeg    . . .      Spirit   .    o - +1 scale mail {rF+}
rPois   .          Reflect  .    b - +0 mask of the Dragon {Will+ Slay+3 SInv}
rElec   .          Harm     .    (no cloak)
rCorr   .          Rampage  .    (no gloves)
Will    +....                    (no boots)
Stlth   +.........               A - amulet of the acrobat
HPRegen 0.31/turn                (no ring)
MPRegen 0.16/turn                (no ring)

@: no status effects
A: fangs 1, strong nose, distributed training
a: Renounce Religion, Recite, Vitalisation, Donate Gold


You were on level 7 of the Dungeon.
You worshipped Zin.
Zin was pleased with you.
You visited 1 branch of the dungeon, and saw 7 of its levels.

You collected 331 gold pieces.
You donated 33 gold pieces to Zin.

Inventory:

Hand Weapons
 a - a +0 spear
 w - a +0 trident (weapon)
 y - a +1 spear of venom
Missiles
 d - 8 boomerangs of dispersal
 n - 4 silver javelins (quivered)
 z - 2 throwing nets
Armour
 b - the +0 mask of the Dragon (worn) {Will+ Slay+3 SInv}
   (You acquired it on level 4 of the Dungeon)

   Slay:      It affects your accuracy & damage with ranged weapons and melee
   (+3).
   SInv:      It lets you see invisible.
   Will:      It increases your willpower.
 o - a +1 scale mail of fire resistance (worn)
Jewellery
 A - an amulet of the acrobat (around neck)
Scrolls
 c - a scroll of blinking
 e - a scroll of identify
 g - 2 scrolls of noise
 k - a scroll of amnesia
 r - a scroll of fear
 s - a scroll of magic mapping
 v - 2 scrolls of teleportation {unknown}
 x - 2 scrolls of enchant weapon {unknown}
 C - a scroll of butterflies {unknown}
Potions
 f - 2 potions of ambrosia
 h - 3 potions of haste
 i - a potion of curing {unknown}
 j - a potion of invisibility {unknown}
 m - 2 potions of degeneration
 p - 2 potions of brilliance
 q - 4 potions of cancellation
 t - a potion of might {unknown}
 u - 2 potions of mutation
 B - a potion of lignification {unknown}


   Skills:
 + Level 6.2 Fighting
 + Level 4.0 Short Blades
 + Level 4.0 Long Blades
 + Level 4.0 Axes
 + Level 4.0 Maces & Flails
 + Level 6.2 Polearms
 + Level 4.0 Staves
 + Level 4.0 Ranged Weapons
 + Level 4.9 Throwing
 + Level 4.9 Armour
 + Level 6.2 Dodging
 + Level 4.0 Stealth
 + Level 4.0 Shields
 + Level 4.0 Unarmed Combat
 + Level 6.5 Spellcasting
 + Level 3.3 Conjurations
 + Level 3.3 Hexes
 + Level 3.3 Summonings
 + Level 3.3 Necromancy
 + Level 6.4 Translocations
 + Level 3.3 Transmutations
 + Level 3.3 Fire Magic
 + Level 3.3 Ice Magic
 + Level 3.3 Air Magic
 + Level 3.3 Earth Magic
 + Level 3.3 Poison Magic
 + Level 4.4 Invocations
 + Level 4.0 Evocations


You had 7 spell levels left.
You knew the following spells:

 Your Spells              Type           Power      Damage    Failure   Level
a - Blink                 Tloc           42%        N/A       6%          2
b - Gell's Gravitas       Tloc           21%        N/A       13%         3
c - Lesser Beckoning      Tloc           42%        N/A       13%         3
d - Teleport Other        Tloc           21%        N/A       13%         3
e - Vhi's Electric Charg  Tloc/Air       34%        N/A       24%         3

Your spell library contained the following spells:

 Spells                   Type           Power      Damage    Failure   Level
 Sandblast                Erth           24%        2d8       16%         1
 Passwall                 Tmut/Erth      10%        N/A       24%         2
 Manifold Assault         Tloc           21%        N/A       38%         4
 Passage of Golubria      Tloc           21%        N/A       38%         4
 Inner Flame              Hex/Fire       12%        N/A       43%         3
 Stone Arrow              Conj/Erth      24%        3d8       43%         3
 Tukima's Dance           Hex            12%        N/A       43%         3
 Cause Fear               Hex            6%         N/A       83%         4
 Flame Wave               Conj/Fire      12%        2d6       83%         4
 Sticky Flame             Conj/Fire      12%        2d4       83%         4
 Yara's Violent Unravell  Hex/Tmut       6%         3d5       99%         5
 Dispersal                Tloc           10%        N/A       100%        6
 Discord                  Hex            6%         N/A       100%        8


Dungeon Overview and Level Annotations

Branches:
Dungeon (7/15)             Temple (0/1) D:7

Altars:
Ashenzari
Cheibriados
Elyvilon
Hepliaklqana
Vehumet
Wu Jian
Yredelemnul
Zin

Shops:
D:4 =   D:5 *


Innate Abilities, Weirdness & Mutations

You have very sharp teeth.
Your uncanny sense of smell can sniff out nearby items.
Your experience applies equally to all skills.


Message History

Items here: ( )) / [.
Casting: Vhi's Electric Charge (dangerous; 24% risk of failure)
Confirm with . or Enter, or press ? or * to list all spells.
Charge where?
Press: ? - help, Dir - move target, f/p - orc warrior
Aim: an orc warrior, wielding a +0 glaive and wearing a +1 plate armour of cold resistance You charge forward with an electric crackle!
You puncture the orc warrior and electrocute it!
The orc warrior is heavily wounded.
The orc warrior barely misses you.
You hit the orc warrior but do no damage.
The orc warrior is heavily wounded.
The orc warrior hits you with a +0 glaive!
You hit the orc warrior.
The orc warrior is severely wounded.
The orc warrior barely misses you.
You barely miss the orc warrior.
The orc warrior is severely wounded.
The orc warrior hits you with a +0 glaive!
You barely miss the orc warrior. Your bite misses the orc warrior.
The orc warrior is severely wounded.
The orc warrior barely misses you.
You hit the orc warrior. Your bite misses the orc warrior.
The orc warrior is severely wounded.
The orc warrior hits you with a +0 glaive!
Your magical contamination has completely faded away.
You barely miss the orc warrior. Your bite misses the orc warrior.
The orc warrior is severely wounded.
The orc warrior hits you with a +0 glaive!
* * * LOW HITPOINT WARNING * * *
You hit the orc warrior but do no damage.
Your bite misses the orc warrior.
The orc warrior is severely wounded.
The orc warrior hits you with a +0 glaive!
* * * LOW HITPOINT WARNING * * *
You completely miss the orc warrior.
You bite the orc warrior, but do no damage.
The orc warrior is severely wounded.
The orc warrior hits you with a +0 glaive!
You die...

#. #.# #. #.#.#
# #. #.#.# #
#.### #.##.#.#
.# #.... #
#....#.##.##
#<...
#.#..........#
####.
###.............
#. ......o@)..#
####.
.#######...#
..... #...#
####. ##..#
#.... #..#
##.##.
#..########...#.
#...........#...
#))....####.).##
########.####.#
##.###


You could see an orc warrior.

Vanquished Creatures
  Grinder (D:3)
  Sigmund (D:3)
  A steam dragon (D:7)
  A black bear (D:5)
  An ogre (D:6)
  A centaur (D:6)
  A gnoll sergeant (D:6)
  4 wights (D:7)
  A quasit (D:4)
  An orc priest (D:3)
  A jelly (D:7)
  3 gnoll boudas
  Terence (D:3)
  3 iguanas
  6 orc wizards
  21 gnolls
  3 shadow imps (D:4)
  A white imp (D:4)
  2 ufetubi (D:4)
  6 dart slugs
  24 orcs
  5 ball pythons
  7 bats
  5 endoplasms
  4 giant cockroaches (D:1)
  11 goblins
  6 hobgoblins
  4 jackals (D:2)
  5 kobolds
  5 quokkas
  2 frilled lizards (D:1)
  11 rats
149 creatures vanquished.

Vanquished Creatures (others)
  2 plants (D:2)
2 creatures vanquished.

Grand Total: 151 creatures vanquished

Notes
Turn   | Place    | Note
-------+----------+-------------------------------------------
     0 | D:1      | hikkokomori the Gnoll Warper began the quest for the Orb.
     0 | D:1      | Reached XP level 1. HP: 20/20 MP: 6/6
    70 | D:1      | Reached XP level 2. HP: 26/26 MP: 7/7
   285 | D:1      | Reached skill level 5 in Spellcasting
   285 | D:1      | Reached XP level 3. HP: 31/31 MP: 7/9
   521 | D:1      | Reached skill level 1 in Invocations
   914 | D:2      | Reached skill level 1 in Short Blades
   914 | D:2      | Reached skill level 1 in Long Blades
   914 | D:2      | Reached skill level 1 in Axes
   914 | D:2      | Reached skill level 1 in Maces & Flails
   914 | D:2      | Reached skill level 1 in Staves
   914 | D:2      | Reached skill level 1 in Ranged Weapons
   914 | D:2      | Reached skill level 1 in Stealth
   914 | D:2      | Reached skill level 1 in Shields
   914 | D:2      | Reached skill level 1 in Unarmed Combat
   914 | D:2      | Reached skill level 1 in Evocations
  1728 | D:2      | Reached XP level 4. HP: 38/38 MP: 11/11
  2045 | D:2      | Reached skill level 1 in Conjurations
  2045 | D:2      | Reached skill level 1 in Hexes
  2045 | D:2      | Reached skill level 1 in Summonings
  2045 | D:2      | Reached skill level 1 in Necromancy
  2045 | D:2      | Reached skill level 1 in Transmutations
  2045 | D:2      | Reached skill level 1 in Fire Magic
  2045 | D:2      | Reached skill level 1 in Ice Magic
  2045 | D:2      | Reached skill level 1 in Air Magic
  2045 | D:2      | Reached skill level 1 in Earth Magic
  2045 | D:2      | Reached skill level 1 in Poison Magic
  2201 | D:3      | Noticed Grinder
  2223 | D:3      | Killed Grinder
  2224 | D:3      | Reached skill level 5 in Fighting
  2224 | D:3      | Reached skill level 5 in Polearms
  2224 | D:3      | Reached skill level 5 in Dodging
  2224 | D:3      | Reached XP level 5. HP: 42/44 MP: 12/12
  2224 | D:3      | Reached XP level 6. HP: 49/51 MP: 14/14
  2642 | D:3      | Noticed Terence
  2673 | D:3      | Identified a scroll of acquirement
  2680 | D:3      | Killed Terence
  2874 | D:3      | Noticed Sigmund
  2908 | D:4      | Acquired the +0 mask of the Dragon {Will+ Slay+3 SInv}
  2908 | D:4      | Found the +0 mask of the Dragon {Will+ Slay+3 SInv}
  2921 | D:3      | Killed Sigmund
  2922 | D:3      | Reached XP level 7. HP: 48/56 MP: 15/15
  3104 | D:4      | Found a radiant altar of Vehumet.
  3226 | D:4      | Found a basalt altar of Yredelemnul.
  3607 | D:4      | Found a white marble altar of Elyvilon.
  3809 | D:4      | Found Loumnaebb's Jewellery Boutique.
  3940 | D:5      | Entered Level 5 of the Dungeon
  4037 | D:5      | Found a hazy altar of Hepliaklqana.
  4421 | D:4      | Learned a level 2 spell: Blink
  4425 | D:4      | Learned a level 3 spell: Gell's Gravitas
  4429 | D:4      | Learned a level 3 spell: Lesser Beckoning
  4433 | D:4      | Learned a level 3 spell: Teleport Other
  4449 | D:4      | Reached XP level 8. HP: 39/63 MP: 16/16
  4853 | D:5      | Found Duev's Assorted Antiques.
  4887 | D:5      | Found a glowing silver altar of Zin.
  4958 | D:5      | Became a worshipper of Zin the Law-Giver
  4958 | D:5      | Reached * piety under Zin
  5824 | D:6      | Reached ** piety under Zin
  5982 | D:6      | Found an ornate altar of the Wu Jian Council.
  5985 | D:6      | Found a broken altar of Ashenzari.
  6005 | D:6      | Found a snail-covered altar of Cheibriados.
  6635 | D:7      | Found a staircase to the Ecumenical Temple.
  6705 | D:7      | Reached XP level 9. HP: 24/69 MP: 18/18
  6913 | D:7      | Learned a level 3 spell: Vhi's Electric Charge
  6997 | D:7      | Slain by an orc warrior

Illustrated notes

Levels and vault maps discovered:
D:1:      minmay_arrival_stone_box, layout_rooms, supply_closet_lemuel
D:2:      layout_loops_cross, minivault_4, chequers_big_river,
          minmay_rat_gold_closets
D:3:      layout_basic, minmay_door_square, minmay_strange_pillars,
          uniq_terence, uniq_sigmund, uniq_grinder
D:4:      layout_basic, nicolae_elyvilon_temple_path,
          mainiacjoe_overflow_surrounded_room, vehumet_crystals, serial_shops,
          shop, serial_demonic, serial_demonic_b, serial_demonic_a,
          serial_demonic_b, serial_demonic_a
D:5:      layout_basic, pf_just_have_faith, mainiacjoe_overflow_six_doors_small,
          serial_shops, nicolae_shop_statue_plus
D:6:      nicolae_BIG_FREAKIN_CUBE, layout_rooms, kennysheep_slug_shrine,
          minitemple
D:7:      layout_loops_ring, mainiacjoe_overflow_alcove_2,
          minmay_temple_entry_drinking_statues, chequers_serial_rivers_micro_a

Skill      XL: |  1  2  3  4  5  6  7  8 |
---------------+-------------------------+-----
Spellcasting   | 5 6 |  6.5
Invocations    | 1 2 3 4 |  4.4
Short Blades   | 1 2 3 4 |  4.0
Long Blades    | 1 2 3 4 |  4.0
Axes           | 1 2 3 4 |  4.0
Maces & Flails | 1 2 3 4 |  4.0
Staves         | 1 2 3 4 |  4.0
Ranged Weapons | 1 2 3 4 |  4.0
Stealth        | 1 2 3 4 |  4.0
Shields        | 1 2 3 4 |  4.0
Unarmed Combat | 1 2 3 4 |  4.0
Evocations     | 1 2 3 4 |  4.0
Conjurations   | 1 2 3 |  3.3
Hexes          | 1 2 3 |  3.3
Summonings     | 1 2 3 |  3.3
Necromancy     | 1 2 3 |  3.3
Transmutations | 1 2 3 |  3.3
Fire Magic     | 1 2 3 |  3.3
Ice Magic      | 1 2 3 |  3.3
Air Magic      | 1 2 3 |  3.3
Earth Magic    | 1 2 3 |  3.3
Poison Magic   | 1 2 3 |  3.3
Fighting       | 5 6 |  6.2
Polearms       | 5 6 |  6.2
Throwing       | 3 4 |  4.9
Armour         | 3 4 |  4.9
Dodging        | 5 6 |  6.2
Translocations | 6 |  6.4

Action                   |  1- 3 |  4- 6 |  7- 9 || total
-------------------------+-------+-------+-------++-------
Melee: Spear             |   188 |   172 |    93 ||   453
       Bite              |    15 |    13 |    31 ||    59
       Punch             |     1 |     1 |     2 ||     4
       Trident           |       |       |   264 ||   264
Throw: Javelin           |       |     8 |     2 ||    10
       Boomerang         |       |     2 |       ||     2
       Throwing net      |       |       |     1 ||     1
 Cast: Gell's Gravitas   |       |       |     1 ||     1
       Vhi's Electric Ch |       |       |     1 ||     1
Invok: Recite            |       |       |     2 ||     2
       Vitalisation      |       |       |     1 ||     1
  Use: Potion            |       |     2 |     2 ||     4
       Scroll            |       |     6 |     6 ||    12
 Stab: Sleeping          |     5 |       |     1 ||     6
       Held in net/web   |       |       |     1 ||     1
Armor: Leather armour    |    35 |    30 |       ||    65
       Scale mail        |       |    47 |   105 ||   152
Dodge: Dodged            |    99 |   133 |   169 ||   401

Table legend: (Time is in decaauts)
 A = Elapsed time spent in this place.
 B = Non-inter-level travel time spent in this place.
 C = Inter-level travel time spent in this place.
 D = Time resting spent in this place.
 E = Time spent auto-exploring this place.
 F = Levels seen in this place.
 G = Mean time per level.
                   A        B        C        D        E       F      G
               +--------+--------+--------+--------+--------+-----+--------+
         Total |   6965 |   6768 |    197 |    952 |   4428 |   7 |  995.0 |
       Dungeon |   6965 |   6768 |    197 |    952 |   4428 |   7 |  995.0 |
               +--------+--------+--------+--------+--------+-----+--------+

Top non-repeatable levels by time:
     D:2: 1380 daAuts
     D:5: 1164 daAuts
     D:4: 1102 daAuts
     D:3: 978 daAuts
     D:7: 844 daAuts
     D:6: 809 daAuts
     D:1: 685 daAuts
